 Dungeon Crawl Stone Soup version 0.20-a0-1008-g0de3dc5 (webtiles) character file.

6382 Monsterracer the Cleaver (level 10, 0/136 HPs)
             Began as a Minotaur Berserker on Apr 14, 2017.
             Was a High Priest of Trog.
             Killed from afar by a fire dragon (33 damage)
             ... with a blast of flame
             ... on level 9 of the Dungeon.
             The game lasted 00:15:45 (8396 turns).

Monsterracer the Cleaver (Minotaur Berserker)       Turns: 8396, Time: 00:15:46

Health: 0/136      AC: 13    Str: 30    XL:     10   Next: 65%
Magic:  9/9        EV: 14    Int:  4    God:    Trog [*****.]
Gold:   429        SH:  4    Dex: 10    Spells: 9/9 levels left

rFire    . . .     SeeInvis +   C - +2 war axe (vamp)
rCold    . . .     Gourm    .   p - +0 buckler (curse)
rNeg     . . .     Faith    .   t - +2 ring mail "Xaidgheu" {Slay+3 SInv}
rPois    .         Spirit   .   (helmet unavailable)
rElec    .         Reflect  .   (no cloak)
rCorr    .         Harm     .   (no gloves)
MR       .....     Rnd*Tele +   j - +0 pair of boots
Stlth    ..........             (no amulet)
Regen    0.4/turn               q - +3 ring of protection
MPRegen  0.2/turn               y - ring of flight

@: berserking, very quick
A: retaliatory headbutt, horns 3, deterioration 1, teleportitis 1
a: Berserk, Trog's Hand, Brothers in Arms, Burn Spellbooks, Renounce Religion,
Evoke Flight


You were on level 9 of the Dungeon.
You worshipped Trog.
Trog was extremely pleased with you.
You were hungry.

You visited 1 branch of the dungeon, and saw 9 of its levels.

You collected 429 gold pieces.

Inventory:

Hand Weapons
 w - a +0 trident of flaming
 C - a +2 vampiric war axe (weapon)
Armour
 j - a +0 pair of boots (worn)
 k - a +0 large shield
 p - a cursed +0 buckler (worn)
 t - the +2 ring mail "Xaidgheu" (worn) {Slay+3 SInv}
   (You found it on level 6 of the Dungeon)

   It affects your accuracy and damage with ranged weapons and melee attacks
   (+3).
   It lets you see invisible.
 B - a +1 chain mail of fire resistance
Jewellery
 q - a +3 ring of protection (left hand)
 r - an uncursed ring of teleportation
 s - an uncursed ring of positive energy
 y - a ring of flight (right hand)
Wands
 m - a wand of digging (24/24)
Scrolls
 d - 6 scrolls of identify
 g - 3 scrolls of magic mapping
 h - 4 scrolls of remove curse
 i - a scroll of recharging
 v - a scroll of teleportation
 z - a scroll of fear
Potions
 e - 3 potions of flight
 f - a potion of brilliance
 l - 4 potions of agility
 o - 2 potions of heal wounds
 x - 6 potions of curing
 A - a potion of cancellation
Comestibles
 a - 2 chunks of flesh
 b - 8 meat rations
 c - 5 bread rations
 n - 2 royal jellies


   Skills:
 + Level 9.4 Fighting
 * Level 13.1 Axes
 + Level 8.1 Armour
 + Level 7.0 Dodging
 - Level 4.0 Shields


You had 9 spell levels left.
You didn't know any spells.

Dungeon Overview and Level Annotations

Branches:
Dungeon (9/15)             Temple (0/1) D:4             Orc (0/2) D:9
   Lair: D:8-11

Altars:
Ashenzari
Elyvilon
Gozag
Hepliaklqana
Okawaru
Qazlal
Ru
Sif Muna
Vehumet
Wu Jian
Beogh

Shops:
D:6 ?


Innate Abilities, Weirdness & Mutations

You reflexively headbutt those who attack you in melee.
You have a pair of large horns on your head.
Your body sometimes deteriorates upon taking damage.
You are occasionally teleported next to monsters.


Message History

* * * LOW HITPOINT WARNING * * *
You stumble backwards!
You closely miss the fire dragon.
The fire dragon is heavily wounded.
You closely miss the fire dragon. Your headbutt misses the fire dragon.
The fire dragon is heavily wounded.
The fire dragon closely misses you. You furiously retaliate!
You headbutt the fire dragon!
The fire dragon claws you but does no damage.
The fire dragon tramples you!
* * * LOW HITPOINT WARNING * * *
You hold your ground!
You slice the fire dragon!!
You feel better.
You headbutt the fire dragon!
The fire dragon is almost dead.
Unknown command.
You hit the fire dragon but do no damage.
The fire dragon is almost dead.
The fire dragon breathes flames at you. The blast of flame hits you!
You die...

...## ##..# ##.# #.# ###.#
### ....# #≈≈≈ .#### ≈≈≈≈≈
.## ######≈≈≈≈≈ ..#
####@..≈≈≈≈≈≈≈ #.######
##....D..≈≈≈≈≈≈
#......#####........≈≈≈≈≈≈
######.............≈≈≈≈≈≈≈
#####.........≈≈≈≈$$≈
###......≈≈≈..$$$
##....≈≈≈....!|
###..≈≈≈≈....)
####≈≈≈#####


You could see a fire dragon.

Vanquished Creatures
  3 two-headed ogres
  Grinder (D:3)
  2 hippogriffs
  Eustachio (D:6)
  Menkaure (D:7)
  Duvessa (D:4)
  4 orc warriors
  5 ice beasts
  A phantom (D:7)
  A black bear (D:6)
  A necrophage (D:6)
  4 ogres
  4 centaurs
  A bullfrog (D:7)
  Dowan (D:4)
  A water moccasin zombie (D:7)
  13 killer bees (D:7)
  A crimson imp (D:7)
  A bullfrog zombie (D:6)
  A jelly (D:6)
  A bullfrog skeleton (D:4)
  2 centaur skeletons (D:5)
  4 orc wizards
  5 orc priests
  2 hounds
  6 worker ants
  A killer bee zombie (D:9)
  A hound zombie (D:5)
  A hound skeleton (D:6)
  14 gnolls
  11 adders
  5 shadow imps
  2 oozes
  An adder zombie (D:7)
  An adder skeleton (D:8)
  A worm (D:4)
  4 dart slugs
  3 leopard geckos
  27 orcs
  10 giant cockroaches
  6 goblins
  11 hobgoblins
  8 jackals
  8 kobolds
  5 quokkas
  4 bats
  3 frilled lizards
  A quokka skeleton (D:6)
  6 rats
202 creatures vanquished.

Vanquished Creatures (others)
  8 plants (D:4)
8 creatures vanquished.

Grand Total: 210 creatures vanquished

Notes
Turn   | Place    | Note
-------+----------+-------------------------------------------
     0 | D:1      | Monsterracer the Minotaur Berserker began the quest for the Orb.
     0 | D:1      | Reached XP level 1. HP: 19/19 MP: 0/0
    76 | D:1      | Reached skill level 4 in Axes
   150 | D:1      | Reached XP level 2. HP: 15/26 MP: 1/1
   436 | D:1      | Reached skill level 5 in Axes
   637 | D:1      | Reached XP level 3. HP: 30/31 MP: 2/2
   865 | D:2      | Reached skill level 6 in Axes
   865 | D:2      | Reached XP level 4. HP: 39/39 MP: 3/3
  1115 | D:2      | Reached ** piety under Trog
  1831 | D:3      | Noticed Grinder
  1839 | D:3      | Paralysed by Grinder for 5 turns
  1845 | D:3      | Killed Grinder
  1845 | D:3      | Reached skill level 8 in Axes
  1845 | D:3      | Reached XP level 5. HP: 30/45 MP: 4/4
  1845 | D:3      | Reached XP level 6. HP: 34/51 MP: 5/5
  2775 | D:4      | Found a sacrificial altar of Ru.
  2860 | D:4      | Found an iron altar of Okawaru.
  2962 | D:4      | Reached *** piety under Trog
  2990 | D:4      | Noticed Duvessa
  2991 | D:4      | Noticed Dowan
  3006 | D:4      | Killed Duvessa
  3006 | D:4      | Reached skill level 9 in Axes
  3006 | D:4      | Reached XP level 7. HP: 60/60 MP: 6/6
  3008 | D:4      | Killed Dowan
  3008 | D:4      | Reached skill level 5 in Fighting
  3770 | D:4      | Found a staircase to the Ecumenical Temple.
  3789 | D:4      | Found an ornate altar of the Wu Jian Council.
  3918 | D:4      | Gained mutation: You expend magic power (3 MP) to strengthen your wands. [potion of mutation]
  3918 | D:4      | Lost mutation: You expend magic power (3 MP) to strengthen your wands. [potion of mutation]
  3918 | D:4      | Gained mutation: Potions are less effective at restoring your health. [potion of mutation]
  3918 | D:4      | Gained mutation: You have a somewhat thin skeletal structure. (Dex +2, Stealth) [potion of mutation]
  4170 | D:5      | Entered Level 5 of the Dungeon
  4183 | D:5      | Noticed a two-headed ogre
  4188 | D:5      | Killed a two-headed ogre
  4188 | D:5      | Reached skill level 10 in Axes
  4188 | D:5      | Reached skill level 5 in Armour
  4188 | D:5      | Reached XP level 8. HP: 71/71 MP: 7/7
  4604 | D:5      | Reached skill level 11 in Axes
  4861 | D:5      | Reached XP level 9. HP: 76/79 MP: 8/8
  4996 | D:5      | Found a hazy altar of Hepliaklqana.
  5001 | D:5      | Found a radiant altar of Vehumet.
  5001 | D:5      | Found a white marble altar of Elyvilon.
  5002 | D:5      | Found a stormy altar of Qazlal.
  5003 | D:5      | Found a shattered altar of Ashenzari.
  5004 | D:5      | Found a deep blue altar of Sif Muna.
  5015 | D:5      | Noticed a two-headed ogre
  5021 | D:5      | Killed a two-headed ogre
  5203 | D:6      | Reached skill level 5 in Dodging
  5322 | D:6      | Noticed Eustachio
  5336 | D:6      | Killed Eustachio
  5452 | D:6      | Got a faintly humming ring mail
  5463 | D:6      | Identified the +2 ring mail "Xaidgheu" {Slay+3 SInv} (You found it on level 6 of the Dungeon)
  5471 | D:6      | Reached **** piety under Trog
  5477 | D:6      | Lost mutation: Potions are less effective at restoring your health. [potion of mutation]
  5477 | D:6      | Lost mutation: You have a somewhat thin skeletal structure. (Dex +2, Stealth) [potion of mutation]
  5477 | D:6      | Gained mutation: Your body sometimes deteriorates upon taking damage. [potion of mutation]
  5477 | D:6      | Gained mutation: You are occasionally teleported next to monsters. [potion of mutation]
  5477 | D:6      | Gained mutation: You have a pair of large horns on your head. [potion of mutation]
  5502 | D:6      | Reached skill level 12 in Axes
  5597 | D:6      | Found Zohuq's Magic Scroll Shoppe.
  5928 | D:6      | Reached skill level 1 in Shields
  6652 | D:7      | Reached XP level 10. HP: 85/90 MP: 9/9
  6813 | D:7      | Noticed a two-headed ogre
  6818 | D:7      | Killed a two-headed ogre
  7024 | D:7      | Noticed Menkaure
  7028 | D:7      | Killed Menkaure
  7656 | D:8      | Reached skill level 13 in Axes
  7671 | D:8      | Found an opulent altar of Gozag.
  8010 | D:9      | Found a roughly hewn altar of Beogh.
  8013 | D:9      | Found a staircase to the Orcish Mines.
  8027 | D:9      | Reached ***** piety under Trog
  8385 | D:9      | Noticed a fire dragon
  8396 | D:9      | Killed from afar by a fire dragon

Vault maps used:
D:1:      dpeg_arrival_triangle_fractal
D:3:      uniq_grinder
D:4:      nicolae_overflow_hidden_temple, minmay_temple_entry_enclosed_plants,
          kennysheep_small_square, uniq_duvessa
D:5:      grunt_temple_overflow_open, first_bread
D:6:      serial_shops, shop, uniq_eustachio
D:7:      uniq_menkaure
D:8:      lemuel_crystal_altar
D:9:      dragon1_lemuel, fedhas_altar_1, david_orc_5, serial_glass,
          glass_columns_c, glass_columns_b, item_on_display_a,
          hangedman_pestilent_swarm

Skill      XL: |  1  2  3  4  5  6  7  8  9 10 |
---------------+-------------------------------+-----
Axes           | 4 5 6 8 9 10 11 12 13 | 13.1
Fighting       | 4 6 7 8 9 |  9.4
Armour         | 3 5 7 8 |  8.1
Dodging        | 3 4 6 7 |  7.0
Shields        | 2 4 |  4.0

Action                   |  1- 3 |  4- 6 |  7- 9 | 10-12 || total
-------------------------+-------+-------+-------+-------++-------
Melee: Hand axe          |    52 |   145 |   222 |    63 ||   482
       Headbutt          |    10 |    24 |    48 |    27 ||   109
       War axe           |       |       |       |    58 ||    58
Invok: Berserk           |     2 |     3 |     8 |     4 ||    17
  Use: Potion            |     5 |     4 |     2 |     2 ||    13
       Scroll            |       |       |    11 |       ||    11
 Stab: Invisible         |       |     2 |       |       ||     2
  Eat: Chunk             |       |     6 |    17 |     6 ||    29
       Bread ration      |       |     1 |       |       ||     1
       Royal jelly       |       |       |     1 |     2 ||     3
       Fruit             |       |       |       |     3 ||     3
Armor: Animal skin       |     4 |       |       |       ||     4
       Scale mail        |     3 |    54 |    56 |       ||   113
       Ring mail         |       |       |    26 |    29 ||    55
Dodge: Dodged            |    36 |    67 |   120 |    59 ||   282
Block: Buckler           |       |       |     7 |    13 ||    20
